 Dungeon Crawl Stone Soup version 0.17-a0-2108-g65e8068 (webtiles) character file.

35 Lysie the Sneak (level 3, -1/16 HPs)
             Began as a Spriggan Enchanter on Oct 19, 2015.
             Slain by Terence
             ... wielding a +0 flail
              (4 damage)
             ... on level 2 of the Dungeon.
             The game lasted 00:02:20 (977 turns).

Lysie the Sneak (Spriggan Enchanter)                 Turns: 977, Time: 00:02:20

Health: -1/16      AC:  3    Str:  5    XL:     3   Next: 17%
Magic:  2/8        EV: 14    Int: 16    God:
Gold:   50         SH:  0    Dex: 16    Spells: 2 memorised, 4 levels left

rFire  . . .     SeeInvis +     e - +2 dagger (holy)
rCold  . . .     Clarity  .     b - +1 robe
rNeg   . . .     SustAt   .     (shield restricted)
rPois  .         Gourm    .     (helmet restricted)
rElec  .         Spirit   .     (no cloak)
rCorr  .         Warding  .     (gloves unavailable)
rMut   .         Stasis   .     (boots unavailable)
MR     .....                    (no amulet)
Stlth  +++.......               (no ring)
                                (no ring)

@: very quick, not resistant to hostile enchantments, fairly stealthy
A: unfitting armour, see invisible, herbivore 3, speed 3, slow metabolism 2
a: no special abilities


You were on level 2 of the Dungeon.
You were not hungry.

You visited 1 branch of the dungeon, and saw 2 of its levels.

You collected 50 gold pieces.

Inventory:

Hand Weapons
 a - a +1 dagger
 e - a +2 dagger of holy wrath (weapon)
Armour
 b - a +1 robe (worn)
Scrolls
 f - 2 scrolls of recharging {unknown}
 j - a scroll of enchant armour {unknown}
 k - 3 scrolls of fog {unknown}
Potions
 h - a potion of degeneration {unknown}
 i - a potion of flight {unknown}
Books
 c - a book of Maledictions

   Spells                             Type                      Level
   a - Corona                         Hexes                        1
   b - Ensorcelled Hibernation        Hexes/Ice                    2
   c - Confuse                        Hexes                        3
   d - Tukima's Dance                 Hexes                        3
   e - Dazzling Spray                 Conjuration/Hexes            3
Comestibles
 d - 2 bread rations
 g - a royal jelly


   Skills:
 * Level 2.6 Short Blades
 + Level 4.1 Dodging
 - Level 4.4 Stealth
 - Level 2.6 Spellcasting
 - Level 3.6 Hexes


You had 4 spell levels left.
You knew the following spells:

 Your Spells              Type           Power        Failure   Level  Hunger
a - Corona                Hex            ##.....      6%          1    #......
b - Ensorcelled Hibernat  Hex/Ice        #.....       17%         2    ##.....


Dungeon Overview and Level Annotations

Branches:
Dungeon (2/15)

Altars:

Annotations:
D:2 Terence


Innate Abilities, Weirdness & Mutations

You are tiny and cannot use many weapons and most armour.
You have supernaturally acute eyesight.
You are a herbivore.
You cover ground extremely quickly.
You need consume almost no food.


Message History

You hit Terence but do no damage.
Terence is heavily wounded.
Terence misses you.
You hit Terence but do no damage.
Terence is heavily wounded.
Terence closely misses you.
You closely miss Terence.
Terence is heavily wounded.
Your magical contamination has completely faded away.
You hit Terence but do no damage.
Terence is heavily wounded.
Terence misses you.
You hit Terence.
Terence is severely wounded.
Terence hits you with a flail!
* * * LOW HITPOINT WARNING * * *
Terence closely misses you.
There is a stone staircase leading up here.
Terence hits you with a flail.
You die...

.....)....#
#.........#
#.........#
..........#
..........# ###
##......#.# ##.##
..#.###...####..>#
#...####...†...@.#
.[.........###l.@#
.....#.....####.##
............####
(........?..#
.........##+#
........##
r.......#
........#
S.......#


You could see Terence and a giant gecko.

Vanquished Creatures
  An adder (D:2)
  An ooze (D:1)
  3 ball pythons
  A giant cockroach (D:2)
  3 goblins
  2 hobgoblins (D:1)
  3 bats
  2 giant newts
  3 kobolds (D:1)
  3 rats
22 creatures vanquished.

Notes
Turn   | Place    | Note
--------------------------------------------------------------
     0 | D:1      | Lysie the Spriggan Enchanter began the quest for the Orb.
     0 | D:1      | Reached XP level 1. HP: 9/9 MP: 5/5
   313 | D:1      | Reached XP level 2. HP: 13/13 MP: 6/6
   317 | D:1      | Learned a level 2 spell: Ensorcelled Hibernation
   851 | D:2      | Noticed Terence
   925 | D:2      | Reached XP level 3. HP: 12/16 MP: 4/8
   977 | D:2      | Slain by Terence

Vault maps used:
D:1:      minmay_arrival_four_houses
D:2:      gammafunk_temple_overflow_statue, uniq_terence

Action                   || total
-------------------------++-------
Melee: Dagger            ||    96
 Cast: Ensorcelled Hiber ||     5
 Stab: Sleeping          ||     9
       Distracted        ||     2
